 Dungeon Crawl Stone Soup version 0.17.1-3-g152610e (webtiles) character file.

7526 Goblin1989 the Martial Artist (level 10, -5/80 HPs)
             Began as a Demonspawn Monk on Feb 28, 2016.
             Was an Elder of Okawaru.
             Slain by a spiny frog (15 damage)
             ... on level 2 of the Lair of Beasts.
             The game lasted 00:38:20 (10984 turns).

Goblin1989 the Martial Artist (Demonspawn Monk)    Turns: 10984, Time: 00:38:20

Health: -5/80      AC: 10    Str: 18    XL:     10   Next: 95%
Magic:  0/10       EV: 13    Int: 14    God:    Okawaru [****..]
Gold:   403        SH: 12    Dex: 16    Spells: 0 memorised, 9 levels left

rFire  . . .     SeeInvis .       - Unarmed
rCold  . . .     Clarity  .     s - +0 scale mail
rNeg   . . .     SustAt   .     o - +0 shield
rPois  +         Gourm    .     (no helmet)
rElec  .         Spirit   +     g - +0 cloak {+Inv}
rCorr  .         Warding  .     (no gloves)
rMut   .         Stasis   .     (no boots)
MR     .....                    (no amulet)
Stlth  ++........               v - ring of poison resistance
                                p - +4 ring of strength

@: lethally poisoned (-5 -> -8), heroism, not resistant to hostile enchantments,
unstealthy
A: claws 1, talons 2, breathe flames 1, clever 1, demonic guardian 1, magic
shield, magic regeneration
a: Heroism, Renounce Religion, Breathe Fire, Evoke Invisibility


You were on level 2 of the Lair of Beasts.
You worshipped Okawaru.
Okawaru was greatly pleased with you.
You were not hungry.

You visited 3 branches of the dungeon, and saw 11 of its levels.

You collected 403 gold pieces.

Inventory:

Missiles
 a - 4 javelins (quivered)
Armour
 f - a +0 chain mail
 g - a +0 cloak of invisibility (worn)
 o - a +0 shield (worn)
 s - a +0 scale mail (worn)
Jewellery
 h - an uncursed amulet of faith {unknown}
 p - a +4 ring of strength (left claw)
 u - an uncursed ring of ice {unknown}
 v - a ring of poison resistance (right claw)
Wands
 m - a wand of teleportation (5)
 A - a wand of digging (7)
Scrolls
 e - 2 scrolls of remove curse
 i - a scroll of teleportation
 j - 2 scrolls of fear {unknown}
 n - 7 scrolls of noise
 w - a scroll of blinking
 y - a scroll of amnesia
Potions
 d - 3 potions of curing
 l - a potion of lignification
 q - 2 potions of brilliance
 B - a potion of invisibility
 F - a potion of flight
 I - 2 potions of might
Comestibles
 b - 8 bread rations
 c - 2 meat rations
 k - 10 fruits
 x - 5 beef jerkies


   Skills:
 * Level 8.1(13.1) Fighting
 * Level 4.7(9.7) Throwing
 - Level 4.7(9.7) Armour
 - Level 2.6(7.6) Dodging
 - Level 1.7(6.7) Stealth
 + Level 5.3(10.3) Shields
 + Level 11.2(16.2) Unarmed Combat


You had 9 spell levels left.
You didn't know any spells.

Dungeon Overview and Level Annotations

Branches:
Dungeon (8/15)             Temple (1/1) D:6            Lair (2/8) D:8

Altars:
Ashenzari
Cheibriados
Dithmenos
Elyvilon
Gozag
Kikubaaqudgha
Makhleb
Nemelex Xobeh
Okawaru
Qazlal
Ru
Sif Muna
Trog
Vehumet
Xom
Yredelemnul
Zin
The Shining One

Annotations:
Lair:1 exclusions: 2 electric eels and 2 more exclusions


Innate Abilities, Weirdness & Mutations

You have sharp fingernails.
You have razor-sharp toenails.
A weak demonic guardian rushes to your aid.
When hurt, damage is shared between your health and your magic reserves.
You regenerate magic rapidly.
You can breathe flames.
Your mind is acute. (Int +2)


Message History

The spiny frog stings you.
* * * LOW HITPOINT WARNING * * *
You block the hell rat's attack.
You scratch the spiny frog but do no damage.
You claw the spiny frog, but do no damage.
The spiny frog is heavily wounded.
You feel sick. The spiny frog stings you.
* * * LOW HITPOINT WARNING * * *
Unknown command.
You scratch the spiny frog but do no damage.
You claw the spiny frog, but do no damage.
The spiny frog is heavily wounded.
The hell rat barely misses you. You block the spiny frog's attack.
You hear a distant blaring wail to the west.
Unknown command.
You claw the hell rat!
You claw the hell rat, but do no damage.
The hell rat is severely wounded.
You block the hell rat's attack. The spiny frog stings you!
You die...

#.# #.#...###
######P#.....##........
..#.P.#..................
..#.P....................
.........................
..........<........†.....
......?...........†<.....
................#........
.......r@......##........
.......F.................
.#..................#....
#.......................
..######.###.......>.....
# ### ##...#.#P.....
##..####..P#. #.###
##.### ### ##


You could see a spiny frog and a hell rat.

Vanquished Creatures
  Pikel (D:5)
  The ghost of Alakolaz the Covered, a novice DsBe of Trog (D:6)
  A spiny frog (Lair:2)
  2 black mambas (Lair:1)
  A komodo dragon (Lair:1)
  A fire drake (D:8)
  A two-headed ogre (D:8)
  A wraith (D:7)
  A spriggan (D:7)
  A hippogriff (Lair:1)
  4 water moccasins
  4 sky beasts
  An ice beast (D:8)
  A porcupine (Lair:2)
  An eye of draining (D:8)
  3 orc warriors
  A black bear (D:7)
  4 crocodiles
  6 ogres
  5 centaurs
  3 giant frogs
  4 scorpions
  4 killer bees (D:8)
  3 wights (D:7)
  5 crimson imps
  5 hounds
  A giant frog zombie (D:8)
  A jelly (D:5)
  Ijyb (D:3)
  A centaur skeleton (D:8)
  6 orc wizards
  An iguana (D:6)
  3 worker ants
  7 sheep (Lair:1)
  A hound zombie (D:7)
  14 river rats (Lair:1)
  9 adders
  3 adder skeletons
  7 worms
  18 orcs
  2 ball pythons
  8 bats
  9 goblins
  10 hobgoblins
  14 jackals
  7 kobolds
  4 quokkas
  6 giant cockroaches
  10 giant geckos
  7 giant newts
  A quokka zombie (D:5)
  7 rats
  A plant (D:8)
224 creatures vanquished.

Vanquished Creatures (collateral kills)
  2 ogres
  A sky beast (D:5)
  A giant frog (Lair:2)
  An orc wizard (D:6)
  An adder (D:8)
  3 orcs
9 creatures vanquished.

Vanquished Creatures (others)
  A sky beast (D:6)
  2 giant frogs (D:6)
  A hound zombie (D:8)
  A giant gecko (D:6)
  6 orcs (D:6)
  A plant (D:8)
12 creatures vanquished.

Grand Total: 245 creatures vanquished

Notes
Turn   | Place    | Note
--------------------------------------------------------------
     0 | D:1      | Goblin1989 the Demonspawn Monk began the quest for the Orb.
     0 | D:1      | Reached XP level 1. HP: 18/18 MP: 1/1
   184 | D:1      | Reached skill level 4 in Unarmed Combat
   187 | D:1      | Gained mutation: You have sharp fingernails. [demonic ancestry]
   187 | D:1      | Reached XP level 2. HP: 22/24 MP: 2/2
  1018 | D:1      | Reached XP level 3. HP: 29/29 MP: 3/3
  1731 | D:2      | Reached skill level 5 in Unarmed Combat
  1961 | D:2      | Gained mutation: You have sharp toenails. [demonic ancestry]
  1961 | D:2      | Reached XP level 4. HP: 35/35 MP: 4/4
  2432 | D:3      | Noticed Ijyb
  2447 | D:3      | Killed Ijyb
  2451 | D:3      | Reached skill level 1 in Shields
  2477 | D:3      | Gained mutation: A weak demonic guardian rushes to your aid. [demonic ancestry]
  2477 | D:3      | Reached XP level 5. HP: 41/41 MP: 5/5
  3116 | D:4      | Reached skill level 6 in Unarmed Combat
  3748 | D:4      | Gained mutation: When hurt, damage is shared between your health and your magic reserves. [demonic ancestry]
  3748 | D:4      | Reached XP level 6. HP: 35/47 MP: 6/6
  3972 | D:5      | Entered Level 5 of the Dungeon
  4113 | D:5      | Reached skill level 7 in Unarmed Combat
  4113 | D:5      | Reached XP level 7. HP: 37/52 MP: 5/7
  4496 | D:5      | Found a glowing golden altar of the Shining One.
  4575 | D:5      | Found a white marble altar of Elyvilon.
  4581 | D:5      | Reached skill level 1 in Armour
  4743 | D:6      | Noticed Pikel
  4836 | D:5      | Reached skill level 8 in Unarmed Combat
  4939 | D:5      | Gained mutation: You have razor-sharp toenails. [demonic ancestry]
  4939 | D:5      | Reached XP level 8. HP: 22/58 MP: 4/8
  5170 | D:5      | Killed Pikel
  5170 | D:5      | Reached skill level 9 in Unarmed Combat
  5359 | D:6      | Noticed Alakolaz's ghost (novice DsBe)
  5410 | D:6      | Killed Alakolaz's ghost
  5410 | D:6      | Gained mutation: You regenerate magic rapidly. [demonic ancestry]
  5410 | D:6      | Reached XP level 9. HP: 48/63 MP: 6/9
  5429 | D:6      | Reached skill level 10 in Unarmed Combat
  5581 | D:6      | Found a staircase to the Ecumenical Temple.
  5600 | Temple   | Entered the Ecumenical Temple
  5696 | Temple   | Became a worshipper of Warmaster Okawaru
  5696 | Temple   | Reached * piety under Okawaru
  5696 | Temple   | Reached ** piety under Okawaru
  5944 | D:6      | Identified a scroll of acquirement
  5989 | D:6      | Gained mutation: You can breathe flames. [potion of beneficial mutation]
  6847 | D:7      | Reached skill level 5 in Fighting
  7022 | D:7      | Found a burning altar of Makhleb.
  7090 | D:7      | Reached *** piety under Okawaru
  7532 | D:8      | Reached XP level 10. HP: 75/77 MP: 10/10
  7629 | D:8      | Found a staircase to the Lair.
  7629 | D:8      | Noticed a fire drake
  7643 | D:8      | Killed a fire drake
  7643 | D:8      | Reached **** piety under Okawaru
  7643 | D:8      | Reached skill level 1 in Throwing
  8424 | D:8      | Found a bloodstained altar of Trog.
  8427 | D:8      | Found a glowing silver altar of Zin.
  8430 | D:8      | Found a deep blue altar of Sif Muna.
  9207 | Lair:1   | Entered Level 1 of the Lair of Beasts
  9218 | Lair:1   | Gained mutation: Your mind is acute. (Int +2) [potion of beneficial mutation]
  9443 | Lair:1   | Reached skill level 11 in Unarmed Combat
 10162 | Lair:1   | Reached skill level 5 in Shields
 10457 | Lair:1   | Noticed a black mamba
 10466 | Lair:1   | Killed a black mamba
 10862 | Lair:2   | Noticed a death yak
 10862 | Lair:2   | Noticed a black mamba
 10869 | Lair:1   | Killed a black mamba
 10984 | Lair:2   | Slain by a spiny frog

Action                   |  1- 3 |  4- 6 |  7- 9 | 10-12 || total
-------------------------+-------+-------+-------+-------++-------
Melee: Unarmed           |   160 |   220 |   264 |   307 ||   951
Throw: Javelin           |       |     8 |       |       ||     8
Invok: Heroism           |       |       |     1 |     5 ||     6
Evoke: Wand              |       |       |       |    10 ||    10
  Use: Potion            |     1 |       |     6 |     7 ||    14
       Scroll            |       |       |    17 |     3 ||    20
 Stab: Sleeping          |     2 |       |       |       ||     2
       Distracted        |       |       |     3 |       ||     3
  Eat: Chunk             |     3 |     7 |    11 |     5 ||    26
       Fruit             |       |       |     2 |     6 ||     8
       Pizza             |       |       |       |     1 ||     1
